AoeStats
← no one

Arabia

508077420Analyzed
1v1 RM · 12d ago on Sep 20, 2026· 33m 4s· 2 players
Game mode
Random Map
Map size
Tiny (2 player)
Population
200
Speed
Normal
Resources
Standard
Victory
Conquest
Starting age
Dark Age
Ending age
Imperial Age
RankedLock teamsTeams togetherTeam positionsShared explorationLock speedFull tech treeHidden civsTurbo modeCheats
Victory
Defeat
🇦🇷 Gurjaras · Argentina
1665
+15
🇲🇽 Slavs · Mexico
1654
-15
Mike
4:15 Loom
9:44 Feudal Age
10:13 Double-Bit Axe
14:42 Fletching
15:42 Padded Archer Armor
25:32 Castle Age
25:16 Horse Collar
25:38 Crossbowman
26:14 Bodkin Arrow
26:30 Bow Saw
no one
6:09 Loom
8:51 Feudal Age
9:54 Double-Bit Axe
10:09 Horse Collar
15:59 Fletching
21:02 Castle Age
20:19 Scale Barding Armor
20:25 Bloodlines
23:58 Town Watch
25:21 Wheelbarrow
25:00 Bow Saw
Connection lost

Rejoining the realm…

Still unreachable

The connection could not be restored.

Session expired

The server has moved on; the page needs a fresh start.